 Dungeon Crawl Stone Soup version 0.21.1-1-g345015f (webtiles) character file.

2021 RudyRod the Grappler (level 9, 0/72 HPs)
             Began as a Ghoul Monk on May 17, 2018.
             Was a Believer of Okawaru.
             Slain by an orc warrior
             ... wielding a +0 short sword
              (10 damage)
             ... on level 6 of the Dungeon.
             The game lasted 00:16:09 (5276 turns).

RudyRod the Grappler (Ghoul Monk)                   Turns: 5276, Time: 00:16:10

Health: 0/72       AC: 11    Str: 18    XL:     9   Next: 23%
Magic:  8/8        EV: 12    Int:  5    God:    Okawaru [**....]
Gold:   261        SH:  0    Dex: 11    Spells: 8/8 levels left

rFire    . . .     SeeInvis .     - Unarmed
rCold    + . .     Gourm    .   (no shield)
rNeg     + + +     Faith    .   u - +0 scale mail (curse)
rPois    ∞         Spirit   .   j - +2 helmet
rElec    .         Reflect  .   q - +0 cloak
rCorr    .         Harm     .   (no gloves)
MR       .....                  (no boots)
Stlth    ++........             (no amulet)
HPRegen  0.00/turn              w - ring of stealth
MPRegen  0.11/turn              (no ring)

@: rotting
A: rotting body, claws 1, carnivore, cold resistance 1, negative energy
resistance 3, inhibited regeneration, torment resistance, unbreathing
a: Heroism, Renounce Religion


You were on level 6 of the Dungeon.
You worshipped Okawaru.
Okawaru was pleased with you.
You were not hungry.

You visited 2 branches of the dungeon, and saw 7 of its levels.

You collected 261 gold pieces.

Inventory:

Armour
 a - a +0 robe
 j - a +2 helmet (worn)
 l - a +2 leather armour of poison resistance
 q - a +0 cloak (worn)
 u - a cursed +0 scale mail (worn)
Jewellery
 w - a ring of stealth (left claw)
 y - a +4 ring of protection {unknown}
Wands
 n - a wand of acid (16)
 B - a wand of flame (40)
Scrolls
 c - 8 scrolls of identify {unknown}
 d - 2 scrolls of noise {unknown}
 e - 3 scrolls of fear {unknown}
 f - a scroll of amnesia {unknown}
 g - 3 scrolls of teleportation {unknown}
 h - 2 scrolls of fog {unknown}
 i - 4 scrolls of immolation {unknown}
 m - 2 scrolls of remove curse {unknown}
 r - a scroll of blinking {unknown}
 x - a scroll of enchant armour {unknown}
Potions
 k - a potion of lignification
 o - a potion of cancellation
 p - a potion of might
 s - a potion of brilliance
 t - 4 potions of curing
 v - a potion of degeneration {unknown}
 z - a potion of magic
 A - a potion of heal wounds {unknown}
Comestibles
 b - 16 rations


   Skills:
 + Level 4.7 Fighting
 * Level 4.3 Armour
 + Level 5.2 Dodging
 + Level 4.5 Stealth
 + Level 9.7 Unarmed Combat


You had 8 spell levels left.
You didn't know any spells.

Dungeon Overview and Level Annotations

Branches:
Dungeon (6/15)             Temple (1/1) D:6

Altars:
Ashenzari
Dithmenos
Elyvilon
Fedhas
Gozag
Hepliaklqana
Nemelex Xobeh
Okawaru
Ru
Sif Muna
Trog
Uskayaw
Wu Jian
Xom
Yredelemnul


Innate Abilities, Weirdness & Mutations

Your body is rotting away.
You thrive on raw meat.
You are immune to poison.
You have sharp fingernails.
You are carnivorous and can eat meat at any time.
Your flesh is cold resistant. (rC+)
You are immune to negative energy. (rN+++)
You do not regenerate when monsters are visible.
You are immune to unholy pain and torment.
You can survive without breathing.


Message History

The orc warrior hits you with a short sword!
* * * LOW HITPOINT WARNING * * *
You closely miss the orc warrior. Your claw misses the orc warrior.
The orc warrior is almost dead.
The orc warrior misses you.
Things that are here:
a flail; an orc corpse You butcher the orc corpse.
The orc warrior hits you with a short sword!
* * * LOW HITPOINT WARNING * * *
Things that are here:
a flail; 2 chunks of flesh Eat one of 2 chunks of flesh? (ye/n/q)
You eat one of the 2 chunks of flesh.
This raw flesh tastes great!
The orc warrior hits you with a short sword!
* * * LOW HITPOINT WARNING * * *
Eat a chunk of flesh? (ye/n/q)
You eat the chunk of flesh.
This raw flesh tastes great!
The orc warrior hits you with a short sword!
You die...

### #.# #.####
.# #.o@.# #.#
#.##.# #.#
#.##.# #.#
#.##.###.#
#.##.....###+###
#.####..........
#.# #.....![.#
#.# #.?...$..#
#.# #.oo.....#


You could see an orc warrior.

Vanquished Creatures
  Eustachio (D:5)
  Menkaure (D:5)
  The ghost of Tiareth the Charmwright, an amateur DESk (D:4)
  Duvessa (D:4)
  An ice beast (D:2)
  2 phantoms
  A sky beast (D:5)
  2 ogres
  3 centaurs
  Blork the orc (D:4)
  Dowan (D:4)
  2 scorpions (D:4)
  3 hounds
  A bullfrog skeleton (D:4)
  3 orc priests
  Crazy Yiuf (D:2)
  2 orc wizards
  Terence (D:2)
  2 worker ants
  Robin (D:4)
  11 adders
  2 dart slugs
  4 leopard geckos
  19 orcs
  A ball python (D:1)
  4 giant cockroaches
  12 hobgoblins
  4 jackals
  2 quokkas
  4 bats
  6 frilled lizards
  11 goblins
  7 kobolds
  A leopard gecko skeleton (D:4)
  A leopard gecko zombie (D:5)
  A quokka skeleton (D:4)
  4 rats
125 creatures vanquished.

Vanquished Creatures (others)
  A worker ant (D:4)
  A jackal (D:4)
  A frilled lizard (D:4)
3 creatures vanquished.

Grand Total: 128 creatures vanquished

Notes
Turn   | Place    | Note
-------+----------+-------------------------------------------
     0 | D:1      | RudyRod the Ghoul Monk began the quest for the Orb.
     0 | D:1      | Reached XP level 1. HP: 19/19 MP: 0/0
   286 | D:1      | Reached XP level 2. HP: 26/26 MP: 1/1
  1011 | D:2      | Reached XP level 3. HP: 20/31 MP: 2/2
  1117 | D:2      | Reached skill level 4 in Unarmed Combat
  1225 | D:2      | Noticed Terence
  1262 | D:2      | Killed Terence
  1262 | D:2      | Reached XP level 4. HP: 19/40 MP: 3/3
  1400 | D:2      | Found a runed door.
  1404 | D:2      | Noticed Crazy Yiuf
  1414 | D:2      | Killed Crazy Yiuf
  1414 | D:2      | Reached XP level 5. HP: 30/46 MP: 4/4
  1565 | D:3      | Found a sacrificial altar of Ru.
  1565 | D:3      | Noticed an ice beast
  1586 | D:2      | Killed an ice beast
  1586 | D:2      | Reached skill level 5 in Unarmed Combat
  1959 | D:3      | Reached XP level 6. HP: 52/52 MP: 5/5
  2153 | D:3      | Reached skill level 1 in Armour
  2153 | D:3      | Reached skill level 6 in Unarmed Combat
  2628 | D:4      | Noticed Blork the orc
  2637 | D:4      | Killed Blork the orc
  2637 | D:4      | Reached XP level 7. HP: 50/59 MP: 2/6
  2679 | D:4      | Noticed Dowan
  2680 | D:4      | Noticed Duvessa
  2700 | D:4      | Killed Duvessa
  2705 | D:4      | Killed Dowan
  3176 | D:4      | Noticed Robin
  3183 | D:4      | Killed Robin
  3211 | D:4      | Reached skill level 7 in Unarmed Combat
  3504 | D:4      | Noticed Tiareth's ghost (amateur DESk)
  3533 | D:4      | Killed Tiareth's ghost
  3533 | D:4      | Reached XP level 8. HP: 37/65 MP: 7/7
  3636 | D:4      | Found a shimmering altar of Xom.
  4029 | D:5      | Entered Level 5 of the Dungeon
  4029 | D:5      | Found an opulent altar of Gozag.
  4066 | D:5      | Reached skill level 8 in Unarmed Combat
  4116 | D:5      | Noticed Eustachio
  4188 | D:5      | Killed Eustachio
  4309 | D:5      | Reached skill level 5 in Dodging
  4404 | D:5      | Reached skill level 9 in Unarmed Combat
  4494 | D:5      | Noticed Menkaure
  4501 | D:5      | Killed Menkaure
  4501 | D:5      | Reached XP level 9. HP: 71/72 MP: 8/8
  4526 | D:5      | Found a white marble altar of Elyvilon.
  4774 | D:6      | Found a staircase to the Ecumenical Temple.
  4781 | Temple   | Entered the Ecumenical Temple
  4809 | Temple   | Became a worshipper of Warmaster Okawaru
  4809 | Temple   | Reached * piety under Okawaru
  4809 | Temple   | Reached ** piety under Okawaru
  5275 | D:6      | HP: 2/72 [orc warrior/short sword (10)]
  5276 | D:6      | Slain by an orc warrior

Skill      XL: |  1  2  3  4  5  6  7  8 |
---------------+-------------------------+-----
Dodging        | 3 4 5 |  5.2
Unarmed Combat | 4 5 6 7 9 |  9.7
Stealth        | 3 4 |  4.5
Fighting       | 4 |  4.7
Armour         | 1 2 4 |  4.3

Action                   |  1- 3 |  4- 6 |  7- 9 || total
-------------------------+-------+-------+-------++-------
Melee: Unarmed           |   108 |   139 |   241 ||   488
       Punch             |       |       |     6 ||     6
  Use: Potion            |       |     6 |     1 ||     7
 Stab: Sleeping          |     1 |     5 |     1 ||     7
       Invisible         |       |     2 |       ||     2
  Eat: Chunk             |     6 |     9 |    18 ||    33
Armor: Robe              |    18 |    15 |       ||    33
       Leather armour    |       |    27 |    69 ||    96
       Scale mail        |       |       |    13 ||    13
Dodge: Dodged            |    79 |    97 |   122 ||   298
